 Dungeon Crawl Stone Soup version 0.28.0-45-g0d030f2227 (webtiles) character file.

Game seed: 15451051921935183280

324 Iusername the Shield-Bearer (level 6, -6/53 HPs)
             Began as a Minotaur Fighter on Apr 6, 2022.
             Mangled by an ogre
             ... wielding a +0 giant spiked club
              (25 damage)
             ... on level 4 of the Dungeon.
             The game lasted 00:07:58 (2811 turns).

Iusername the Shield-Bearer (Minotaur Fighter)      Turns: 2811, Time: 00:07:59

Health: -6/53      AC: 14    Str: 22    XL:     6   Next: 23%
Magic:  5/5        EV: 10    Int:  5    God:
Gold:   129        SH:  5    Dex: 10    Spells: 5/5 levels left

rFire   . . .      SeeInvis .   j - +3 short sword (protect)
rCold   . . .      Faith    +   c - +0 buckler
rNeg    . . .      Spirit   .   b - +0 scale mail
rPois   .          Reflect  .   (helmet restricted)
rElec   .          Harm     .   (no cloak)
rCorr   .          Rampage  .   (no gloves)
Will    .....                   (no boots)
Stlth   ..........              h - amulet of faith
HPRegen 0.17/turn               (no ring)
MPRegen 0.09/turn               (no ring)

@: under a protective aura
A: horns 2, retaliatory headbutt
a: no special abilities


You were on level 4 of the Dungeon.
You visited 1 branch of the dungeon, and saw 4 of its levels.

You collected 129 gold pieces.

Inventory:

Hand Weapons
 a - a +0 long sword
 j - a +3 short sword of protection (weapon)
 r - a +0 long sword of draining
Missiles
 l - a throwing net (quivered)
Armour
 b - a +0 scale mail (worn)
 c - a +0 buckler (worn)
Jewellery
 h - an amulet of faith (around neck)
 n - a ring of ice
Scrolls
 e - 2 scrolls of fog {unknown}
 f - 3 scrolls of identify {unknown}
 g - a scroll of acquirement {unknown}
 m - 2 scrolls of enchant weapon {unknown}
 o - a scroll of fear {unknown}
 q - 2 scrolls of teleportation {unknown}
Potions
 d - 2 potions of attraction {unknown}
 i - a potion of resistance {unknown}
 k - a potion of heal wounds {unknown}
 p - a potion of invisibility {unknown}
 s - 2 potions of flight {unknown}
 t - a potion of curing {unknown}
 u - a potion of magic {unknown}


   Skills:
 + Level 4.7 Fighting
 + Level 2.4(3.1) Short Blades
 + Level 3.2(3.7) Long Blades
 + Level 5.2 Armour
 + Level 1.9 Dodging
 + Level 5.2 Shields


You had 5 spell levels left.
You didn't know any spells.
Your spell library contained the following spells:

 Spells                   Type           Power      Damage    Failure   Level
 Apportation              Tloc           0%         N/A       86%         1
 Gell's Gravitas          Tloc           0%         N/A       99%         3
 Teleport Other           Tloc           0%         N/A       99%         3
 Alistair's Intoxication  Tmut/Pois      0%         N/A       100%        5
 Dispersal                Tloc           0%         N/A       100%        6
 Borgnjor's Revivificati  Necr           0%         N/A       100%        8
 Necromutation            Tmut/Necr      0%         N/A       100%        8
 Death's Door             Necr           0%         N/A       100%        9


Dungeon Overview and Level Annotations

Branches:
Dungeon (4/15)
 Temple: D:4-7

Altars:

Shops:
D:1 *


Innate Abilities, Weirdness & Mutations

You have a pair of horns on your head.
You reflexively headbutt those who attack you in melee.


Message History

You now have 129 gold pieces (gained 4).
u - a metallic orange potion No target in view!
No target in view!
You open the door.
There is an open door here.
A giant cockroach comes into view.
Found a stone staircase leading up.
You hit the giant cockroach.
Your weapon exudes an aura of protection.
You kill the giant cockroach!
No target in view!
No target in view!
You see here a giant cockroach corpse.
You open the door.
There is an open door here.
You open the door.
An ogre comes into view. It is wielding a +0 giant spiked club.
The ogre shouts!
You hear a shout!
You block the ogre's attack.
There is an open door here.
You completely miss the ogre.
The ogre hits you with a +0 giant spiked club!!
You hit the ogre.
Your weapon exudes an aura of protection.
The ogre is lightly wounded.
You puncture the ogre! You headbutt the ogre.
The ogre is heavily wounded.
The ogre hits you with a +0 giant spiked club!
A hobgoblin comes into view.
You are too injured to fight recklessly!
You are too injured to fight recklessly!
You are too injured to fight recklessly!
You are too injured to fight recklessly!
You are too injured to fight recklessly!
You are too injured to fight recklessly!
You barely miss the ogre. You headbutt the ogre.
The ogre is severely wounded.
The ogre hits you with a +0 giant spiked club!!
You die...

#.....# #.....# #....
.####+##.....##### #....
..##...##.....##..##
#..g##.$.##...##.....##...#
#....#.. #...##.....##...#
....... #...##.....†....#
#####...####'##<....##..##
##...##..O@..........##..##
##≈..§§##+##....^.....#.....
#≈§>.>)≈# #...##.....#.....
#≈.....≈# ######.....##....
#§..>..§# ....#########..##
######≈...§## ..........######
+...'##...## .............#.
#...#.#'''###########.........#.
#####..........#...##.).......'.


You could see an ogre and a hobgoblin.

Vanquished Creatures
  A necrophage (D:4)
  A water moccasin skeleton (D:4)
  Jessica (D:3)
  4 gnolls
  4 adders
  A river rat (D:3)
  3 dart slugs
  An orc (D:4)
  9 bats
  4 endoplasms
  7 giant cockroaches
  6 goblins
  6 hobgoblins
  3 jackals (D:1)
  5 quokkas
  5 ball pythons
  8 kobolds
  4 rats
73 creatures vanquished.

Notes
Turn   | Place    | Note
-------+----------+-------------------------------------------
     0 | D:1      | Iusername the Minotaur Fighter began the quest for the Orb.
     0 | D:1      | Reached XP level 1. HP: 19/19 MP: 0/0
    48 | D:1      | Reached XP level 2. HP: 21/27 MP: 1/1
   459 | D:1      | Reached XP level 3. HP: 33/33 MP: 2/2
   482 | D:1      | Reached skill level 1 in Dodging
   759 | D:1      | Found Irud's General Store.
  1125 | D:2      | Reached XP level 4. HP: 35/40 MP: 3/3
  1293 | D:2      | Found a faded altar of an unknown god.
  1659 | D:3      | Reached skill level 5 in Shields
  1660 | D:3      | Noticed Jessica
  1665 | D:3      | Killed Jessica
  1666 | D:3      | Reached XP level 5. HP: 14/47 MP: 4/4
  1963 | D:3      | Found a glowing drain.
  2497 | D:4      | Noticed a necrophage
  2500 | D:4      | Killed a necrophage
  2501 | D:4      | Reached skill level 1 in Short Blades
  2501 | D:4      | Reached skill level 5 in Armour
  2577 | D:4      | Reached XP level 6. HP: 48/53 MP: 5/5
  2811 | D:4      | Mangled by an ogre

Illustrated notes

Levels and vault maps discovered:
D:1:      dpeg_arrival_solitude, layout_loops_ring, serial_shops, shop,
          st_stairs_4, minmay_tripent
D:2:      layout_basic, basic_ecumenical_altar, minmay_misc_feat_hallway
D:3:      layout_basic, portal_sewer_entry_b, grunt_ministairs_15, uniq_jessica
D:4:      layout_gridville, minmay_temple_entry_crystal_x,
          kennysheep_windowed_goal

Skill      XL: |  1  2  3  4  5 |
---------------+----------------+-----
Fighting       | 4 |  4.7
Armour         | 4 5 |  5.2
Dodging        | 1 |  1.9
Shields        | 4 5 |  5.2
Long Blades    | 3 |  3.2
Short Blades   | 2 |  2.4

Action                   |  1- 3 |  4- 6 || total
-------------------------+-------+-------++-------
Melee: Long sword        |    88 |       ||    88
       Headbutt          |    15 |    14 ||    29
       Short sword       |    11 |    98 ||   109
  Use: Potion            |       |     1 ||     1
Armor: Scale mail        |    47 |    49 ||    96
Dodge: Dodged            |    46 |    59 ||   105
Block: Buckler           |    45 |    39 ||    84
